 Dungeon Crawl Stone Soup version 0.31-a0-1002-g8e65716e6e (webtiles) character file.

Game seed: 961143853096731484

1841 BinkBink the Ducker (level 8, -7/42 HPs)
             Began as a Spriggan Earth Elementalist on Nov 9, 2023.
             Mangled by Maggie
             ... wielding a +1 halberd of flaming
              (15 damage)
             ... on level 6 of the Dungeon.
             The game lasted 00:18:07 (6587 turns).

BinkBink the Ducker (Spriggan Earth Elementalist)   Turns: 6587, Time: 00:18:08

Health: -7/42      AC:  2    Str:  4    XL:     8   Next: 87%
Magic:  0/18       EV: 21    Int: 16    God:
Gold:   345        SH:  0    Dex: 18    Spells: 14/20 levels left

rFire   + . .        f - staff of fire
rCold   . . .        (shield currently unavailable)
rNeg    . . .        a - +0 robe
rPois   .            (helmet restricted)
rElec   .            (no cloak)
rCorr   +            (gloves unavailable)
SInv    +            (boots unavailable)
Will    +....        (no amulet)
Stlth   +++          u - ring of resist corrosion
HPRegen 0.27/turn    (no ring)
MPRegen 0.16/turn

%: no passive effects
@: mesmerised, very quick
A: very small, no large weapons, unfitting armour, see invisible, speed 3
a: no special abilities


You were on level 6 of the Dungeon.
You visited 1 branch of the dungeon, and saw 6 of its levels.

You collected 345 gold pieces.

Inventory:

Armour
 a - a +0 robe (worn)
Magical Staves
 f - a staff of fire (weapon)
Jewellery
 u - a ring of resist corrosion (left hand)
Wands
 r - a wand of paralysis (10)
Scrolls
 c - a scroll of enchant weapon
 e - 2 scrolls of revelation {unknown}
 g - 3 scrolls of teleportation {unknown}
 j - 2 scrolls of enchant armour
 k - a scroll of vulnerability {unknown}
 m - 2 scrolls of torment {unknown}
 n - a scroll of blinking
 q - 2 scrolls of poison
 v - a scroll of amnesia {unknown}
 w - a scroll of noise {unknown}
Potions
 b - a potion of magic
 d - a potion of attraction {unknown}
 h - a potion of cancellation {unknown}
 i - 2 potions of enlightenment {unknown}
 l - a potion of lignification {unknown}
 o - 2 potions of curing
 p - 2 potions of haste {unknown}
 s - a potion of mutation {unknown}
 t - a potion of invisibility {unknown}
 x - 2 potions of heal wounds {unknown}


   Skills:
 + Level 4.0 Fighting
 + Level 7.1 Dodging
 - Level 3.1 Stealth
 - Level 0.4 Unarmed Combat
 + Level 6.6 Spellcasting
 + Level 1.5 Conjurations
 - Level 5.9 Transmutations
 + Level 5.4 Earth Magic


You had 14 spell levels left.
You knew the following spells:

 Your Spells              Type           Power      Damage    Failure   Level
a - Sandblast             Erth           44%        2d11      1%          1
b - Passwall              Tmut/Erth      19%        N/A       1%          2
c - Stone Arrow           Conj/Erth      32%        3d9       10%         3

Your spell library contained the following spells:

 Spells                   Type           Power      Damage    Failure   Level
 Petrify                  Tmut/Erth      23%        N/A       12%         4
 Ignite Poison            Fire/Tmut/Pois 17%        N/A       17%         3
 Brom's Barrelling Bould  Conj/Erth      16%        2d4       30%         4
 Sticky Flame             Conj/Fire      11%        2d3       67%         4
 Iskenderun's Battlesphe  Conj           10%        2d6       88%         5
 Fireball                 Conj/Fire      5%         3d5       95%         5
 Conjure Ball Lightning   Conj/Air       3%         3x3d6     100%        6
 Orb of Destruction       Conj           5%         9d5       100%        7
 Ignition                 Fire           3%         3d4       100%        8


Dungeon Overview and Level Annotations

Branches:
Dungeon (6/15)
 Temple: D:4-7

Altars:
Dithmenos
Gozag
Hepliaklqana
Kikubaaqudgha
Nemelex Xobeh
Vehumet
Wu Jian
Xom

Shops:
D:4 [

Annotations:
D:6 Maggie


Innate Abilities, Weirdness & Mutations

You are very small and have problems with some larger weapons.
You are too small for most types of armour.
You have supernaturally acute eyesight. (SInv)
You cover ground extremely quickly. (Speed+++)


Message History

Maggie is severely wounded.
Maggie barely misses you.
You closely miss Maggie.
Maggie is severely wounded.
Maggie completely misses you.
Your magical contamination has completely faded away.
You hit Maggie but do no damage.
Maggie is severely wounded.
Maggie points at you and mumbles some strange words.
The bolt of fire misses you.
Maggie hits you with a +1 halberd of flaming!
* * * LOW HITPOINT WARNING * * *
An orc comes into view. It is wielding a +0 short sword.
Casting: Sandblast (safe; 1% risk of failure)
Confirm with . or Enter, or press ? or * to list all spells.
Aiming: Sandblast (safe; 1% risk of failure)
Press: ? - help, Shift-Dir - straight line, f/p - Maggie
Aim: Maggie, wielding a +1 halberd of flaming and wearing +0 swamp dragon scales (severely wounded, mesmerising, 85% to hit)
The blast of sand hits Maggie but does no damage.
Maggie is severely wounded.
Maggie hits you with a +1 halberd of flaming!
* * * LOW HITPOINT WARNING * * *
Maggie burns you.
* * * LOW HITPOINT WARNING * * *
Blink to where?
Press: ? - help, Dir - move target, f - you, p - Maggie
Okay, then.
It was a potion of curing.
You feel better.
Maggie gestures wildly while chanting.
Maggie draws you further into her thrall.
Casting: Sandblast (safe; 1% risk of failure)
Confirm with . or Enter, or press ? or * to list all spells.
Aiming: Sandblast (safe; 1% risk of failure)
Press: ? - help, Shift-Dir - straight line, f/p - Maggie
Aim: Maggie, wielding a +1 halberd of flaming and wearing +0 swamp dragon scales (severely wounded, mesmerising, 85% to hit)
The blast of sand hits Maggie but does no damage.
Maggie is severely wounded.
Maggie closely misses you.
Maggie hits you with a +1 halberd of flaming!
You die...

##### #...######### #
##...........#
#####.####..#.#######.##
.....o@@..^###.# ##...#
#####.##....#.## #.....
# ##....## #..... ##.###
#..... #.# ##...# #.#
#.### ##+# ##.# #...#
##..# .....# ##.#.#


You could see Maggie (mesmerising) and an orc.

Vanquished Creatures
  Prince Ribbit (D:5)
  A water moccasin (D:5)
  2 black bears (D:4)
  2 ice beasts (D:6)
  An ogre (D:6)
  A centaur (D:5)
  2 phantoms
  Blork the orc (D:4)
  2 scorpions (D:5)
  A jelly (D:5)
  A howler monkey (D:5)
  3 hounds
  3 orc priests
  Jessica (D:2)
  2 iguanas
  2 orc wizards
  11 gnolls
  8 adders
  A white imp (D:6)
  2 ufetubi (D:6)
  3 worms
  3 dart slugs
  18 orcs
  3 bats
  4 endoplasms
  A giant cockroach (D:3)
  5 goblins
  3 hobgoblins
  10 jackals
  10 kobolds
  2 quokkas
  9 ball pythons
  A frilled lizard (D:3)
  3 rats (D:2)
123 creatures vanquished.

Notes
Turn   | Place    | Note
-------+----------+-------------------------------------------
     0 | D:1      | BinkBink the Spriggan Earth Elementalist began the quest
                  | for the Orb.
     0 | D:1      | Reached XP level 1. HP: 9/9 MP: 5/5
   260 | D:1      | Reached XP level 2. HP: 10/13 MP: 0/6
   582 | D:1      | Reached skill level 3 in Dodging
   942 | D:2      | Reached XP level 3. HP: 17/17 MP: 5/8
  1105 | D:2      | Noticed Jessica
  1156 | D:2      | Killed Jessica
  1157 | D:2      | Reached skill level 1 in Fighting
  1157 | D:2      | Reached XP level 4. HP: 22/22 MP: 8/10
  1939 | D:3      | Reached XP level 5. HP: 25/25 MP: 9/11
  2184 | D:3      | Reached skill level 4 in Dodging
  2184 | D:3      | Found an opulent altar of Gozag.
  2244 | D:3      | Found a shimmering altar of Xom.
  2520 | D:3      | Found a shimmering altar of Xom.
  2526 | D:3      | Found a shimmering altar of Xom.
  2996 | D:4      | Noticed a black bear
  3016 | D:4      | Killed a black bear
  3017 | D:4      | Reached XP level 6. HP: 30/30 MP: 8/13
  3295 | D:4      | Noticed Blork the orc
  3299 | D:4      | Killed Blork the orc
  3781 | D:4      | Found Loemicil's Armour Shoppe.
  3829 | D:4      | Found an ancient bone altar of Kikubaaqudgha.
  3890 | D:4      | Found a sparkling altar of Nemelex Xobeh.
  3923 | D:4      | Reached skill level 5 in Dodging
  3923 | D:4      | Reached XP level 7. HP: 35/35 MP: 12/15
  3978 | D:5      | Entered Level 5 of the Dungeon
  3986 | D:5      | Reached skill level 5 in Spellcasting
  4223 | D:5      | Learned a level 2 spell: Passwall
  4231 | D:5      | Reached skill level 5 in Transmutations
  4759 | D:5      | Reached XP level 8. HP: 40/40 MP: 9/17
  4822 | D:5      | Found an ornate altar of the Wu Jian Council.
  4995 | D:5      | Reached skill level 6 in Dodging
  5033 | D:5      | Noticed Prince Ribbit
  5244 | D:5      | Killed Prince Ribbit
  5245 | D:5      | Reached skill level 5 in Earth Magic
  5346 | D:5      | Learned a level 3 spell: Stone Arrow
  5735 | D:6      | Reached skill level 1 in Conjurations
  5932 | D:6      | Found a hazy altar of Hepliaklqana.
  6145 | D:6      | Reached skill level 7 in Dodging
  6212 | D:6      | Found a shadowy altar of Dithmenos.
  6213 | D:6      | Found a radiant altar of Vehumet.
  6572 | D:6      | Noticed Maggie
  6585 | D:6      | HP: 1/42 [Maggie/+1 halberd of flaming (2)]
  6587 | D:6      | Mangled by Maggie

Illustrated notes

Levels and vault maps discovered:
D:1:      lightli_arrival_lavapool, layout_loops_ring, minmay_pentomino_z2
D:2:      layout_loops_cross, uniq_jessica
D:3:      layout_rooms, mainiacjoe_overflow_small_starburst, xom_redecorated
D:4:      layout_rooms, old_standard_altar, kennysheep_mini, serial_shops,
          nicolae_shop_crystal, uniq_blork_the_orc
D:5:      layout_basic, nicolae_overflow_crystal_walls, uniq_prince_ribbit1
D:6:      layout_loops_corners, nzn_hepliaklqana_mist_gate, zin_scriptorium,
          gammafunk_temple_overflow_statue, gammafunk_ghost_hive, serial_shops,
          shop, serial_bayou_pond_a, grunt_ministairs_3,
          kennysheep_generic_room_12, uniq_maggie, uniq_pikel

Skill      XL: |  1  2  3  4  5  6  7  8 |
---------------+-------------------------+-----
Dodging        | 3 4 5 7 |  7.1
Spellcasting   | 3 4 5 6 |  6.6
Transmutations | 2 3 4 5 |  5.9
Earth Magic    | 3 4 5 |  5.4
Fighting       | 1 2 3 4 |  4.0
Conjurations   | 1 |  1.5
Stealth        | |  3.1
Unarmed Combat | |  0.4

Action                     |  1- 3 |  4- 6 |  7- 9 || total
---------------------------+-------+-------+-------++-------
  Melee: Unarmed           |    10 |       |       ||    10
         Staff             |     7 |     1 |     3 ||    11
   Cast: Sandblast         |    53 |   143 |   111 ||   307
         Stone Arrow       |       |       |    28 ||    28
    Use: Scroll            |       |     4 |       ||     4
         Potion            |       |       |     1 ||     1
 Armour: Robe              |     9 |    38 |    28 ||    75
  Dodge: Dodged            |    44 |    57 |    72 ||   173

Table legend: (Time is in decaauts)
 A = Elapsed time spent in this place.
 B = Non-inter-level travel time spent in this place.
 C = Inter-level travel time spent in this place.
 D = Time resting spent in this place.
 E = Time spent auto-exploring this place.
 F = Levels seen in this place.
 G = Mean time per level.
                   A        B        C        D        E       F      G
               +--------+--------+--------+--------+--------+-----+--------+
         Total |   5389 |   5231 |    158 |    474 |   3676 |   6 |  898.2 |
       Dungeon |   5389 |   5231 |    158 |    474 |   3676 |   6 |  898.2 |
               +--------+--------+--------+--------+--------+-----+--------+

Top non-repeatable levels by time:
     D:5: 1244 daAuts
     D:2: 1017 daAuts
     D:6: 969 daAuts
     D:1: 733 daAuts
     D:3: 714 daAuts
     D:4: 710 daAuts
